 Dungeon Sprint DCSS version 0.24.0-1-gfbc8707 (webtiles) character file.

Game seed: 7874585849938092910, levelgen mode: deterministic

83623 Fang the Slayer (level 15, -4/119 HPs)
             Began as a Gargoyle Berserker on Nov 1, 2019.
             Was the Champion of Trog.
             Slain by a red draconian monk (18 damage)
             ... in the Dungeon (Sprint V: "Ziggurat Sprint").
             The game lasted 00:07:30 (2636 turns).

Fang the Slayer (Gargoyle Berserker)                Turns: 2636, Time: 00:07:31

Health: -4/119     AC: 48    Str: 34    XL:     15   Next: 77%
Magic:  15/15      EV: 10    Int:  5    God:    Trog [******]
Gold:   0          SH: 35    Dex:  9    Spells: 14/14 levels left

rFire    + . .     SeeInvis +   M - +6 broad axe "Newtbane" {elec, *Noise rF+ rN+ Int+2}
rCold    . . .     Gourm    .   E - +18 shield of the Gong {rElec rN+ MR+ EV-5}
rNeg     + + +     Faith    .   b - +15 Maxwell's patent armour {-Cast -Tele rElec MR+ rCorr}
rPois    ∞         Spirit   .   o - +2 helmet {SInv}
rElec    +         Reflect  .   (no cloak)
rCorr    +         Harm     .   (no gloves)
MR       +++++     Rnd*Rage +   (no boots) Stlth ..........NoTele +
                                L - necklace of Bloodlust {*Rage +Rage MR++ Int-3 Slay+6 *Curse} (curse)
HPRegen  0.29/turn NoCast   +   C - +6 ring of strength
MPRegen  0.14/turn              G - ring of the Five Deaths {rElec rN+ Str+2 Int-3 SInv}

@: berserk cooldown, flying, slowed, very slow
A: big wings, negative energy resistance 1, electricity resistance, unbreathing,
petrification resistance, rot immunity, AC +11
a: Stop Flying, Berserk, Trog's Hand, Brothers in Arms, Renounce Religion, Evoke
Berserk Rage


You were in the Dungeon.
You worshipped Trog.
Trog was exalted by your worship.
You were hungry.

You visited 1 branch

Inventory:

Hand Weapons
 a - a +5 broad axe of electrocution
 F - a +3 broad axe of chopping
 M - the +6 broad axe "Newtbane" (weapon) {elec, *Noise rF+ rN+ Int+2}
   (You found it in the Dungeon)

   Occasionally, upon striking a foe, it will discharge some electrical energy
   and cause terrible harm.
   It affects your intelligence (+2).
   It protects you from fire.
   It protects you from negative energy.
   It may make noises in combat.
Armour
 b - the +15 Maxwell's patent armour (worn) {-Cast -Tele rElec MR+ rCorr}
   (You found it in the Dungeon)

   It insulates you from electricity.
   It affects your resistance to hostile enchantments.
   It prevents spellcasting.
   It prevents most forms of teleportation.
   It provides partial protection from all sources of acid and corrosion.
 o - a +2 helmet of see invisible (worn)
 E - the +18 shield of the Gong (worn) {rElec rN+ MR+ EV-5}
   (You found it in the Dungeon)

   It affects your evasion (-5).
   It insulates you from electricity.
   It protects you from negative energy.
   It affects your resistance to hostile enchantments.
Jewellery
 x - the amulet of the Heavens {Gourm rN+}
   (You found it in the Dungeon)

   [amulet of the gourmand]

   It allows you to eat raw meat even when not hungry.
   It protects you from negative energy.
 y - an uncursed amulet of the acrobat
 z - the ring "Akolur" {SInv Stlth-}
   (You found it in the Dungeon)

   [ring of attention]

   It lets you see invisible.
   It makes you less stealthy.
 A - an uncursed ring of magical power
 B - an uncursed ring of flight
 C - a +6 ring of strength (left hand)
 D - the ring "Nicoc" {Str+4 Dex+2}
   (You found it in the Dungeon)

   [ring of dexterity]

   It affects your strength (+4).
   It affects your dexterity (+2).
 G - the ring of the Five Deaths (right hand) {rElec rN+ Str+2 Int-3 SInv}
   (You found it in the Dungeon)

   [ring of positive energy]

   It affects your strength (+2).
   It affects your intelligence (-3).
   It insulates you from electricity.
   It protects you from negative energy.
   It lets you see invisible.
 H - the ring of the Raven {*Slow rF+ rN+ MR+}
   (You found it in the Dungeon)

   [ring of protection from magic]

   It protects you from fire.
   It protects you from negative energy.
   It affects your resistance to hostile enchantments.
   It may slow you when you take damage.
 I - the ring "Dacuef" {MP+9 Int+4 Dex+4}
   (You found it in the Dungeon)

   [ring of magical power]

   It affects your intelligence (+4).
   It affects your dexterity (+4).
   It affects your magic capacity (+9).
 J - an uncursed ring of protection from magic
 K - an uncursed ring of protection from cold
 L - the cursed necklace of Bloodlust (around neck) {*Rage +Rage MR++ Int-3 Slay+6 *Curse}
   (You found it in the Dungeon)

   [amulet of rage]

   It affects your intelligence (-3).
   It affects your accuracy and damage with ranged weapons and melee attacks
   (+6).
   It affects your resistance to hostile enchantments.
   It lets you go berserk.
   It may make you go berserk in combat.
   It curses itself when equipped.
   It has a curse placed upon it.
 N - a +6 ring of dexterity
 O - a +6 ring of strength
 P - the ring "Fokoikh" {rF+ rC- AC+4 Str+3}
   (You found it in the Dungeon)

   [ring of protection]

   It affects your AC (+4).
   It affects your strength (+3).
   It protects you from fire.
   It makes you vulnerable to cold.
 Q - the ring of the Hero {rElec Int+2 Stlth+}
   (You took it off a yaktaur in the Dungeon)

   [ring of stealth]

   It affects your intelligence (+2).
   It insulates you from electricity.
   It makes you more stealthy.
 R - an uncursed ring of protection from cold
 S - the amulet of the Four Winds {rN+ MR+++ Clar}
   (You took it off a deep elf high priest in the Dungeon)

   [amulet of nothing]

   It protects you from negative energy.
   It affects your resistance to hostile enchantments.
   It protects you against confusion.
 T - an uncursed ring of protection from fire
 U - the ring of Vuavod {rC+ rN+ rCorr Dex-4}
   (You found it in the Dungeon)

   [ring of resist corrosion]

   It affects your dexterity (-4).
   It protects you from cold.
   It protects you from negative energy.
   It provides partial protection from all sources of acid and corrosion.
 V - an uncursed amulet of regeneration
 W - an uncursed amulet of guardian spirit
 X - the ring of Kaywkuetti {rElec AC+2 Str+3 Int-4}
   (You found it in the Dungeon)

   [ring of protection]

   It affects your AC (+2).
   It affects your strength (+3).
   It affects your intelligence (-4).
   It insulates you from electricity.
 Y - a +4 ring of intelligence
 Z - the amulet "Xoagov" {Harm *Drain MR+}
   (You found it in the Dungeon)

   [amulet of harm]

   It increases damage dealt and taken.
   It affects your resistance to hostile enchantments.
   It causes draining when unequipped.
Wands
 u - a wand of disintegration (7)
 v - a wand of iceblast (7)
 w - a wand of acid (7)
Scrolls
 g - 2 scrolls of enchant armour
 i - 4 scrolls of blinking
 j - 8 scrolls of fog
 k - a scroll of holy word
 l - 5 scrolls of identify
 m - 5 scrolls of remove curse
 n - 2 scrolls of fear
Potions
 d - 10 potions of curing
 e - 14 potions of heal wounds
 f - 18 potions of haste
 h - 3 potions of berserk rage
 p - 2 potions of invisibility
 q - 4 potions of resistance
 r - a potion of experience
 s - 6 potions of agility
 t - 5 potions of might
Comestibles
 c - 8 rations


   Skills:
 * Level 23.1 Fighting
 * Level 20.2 Axes
 + Level 19.3 Armour
 + Level 15.5 Dodging
 * Level 19.8 Shields


You had 14 spell levels left.
You didn't know any spells.
Your spell library was empty.

Dungeon Overview and Level Annotations

Branches:
Dungeon (1/1)

Altars:
Ashenzari
Cheibriados
Dithmenos
Elyvilon
Fedhas
Gozag
Hepliaklqana
Kikubaaqudgha
Makhleb
Nemelex Xobeh
Okawaru
Qazlal
Ru
Sif Muna
Trog
Uskayaw
Vehumet
Wu Jian
Xom
Yredelemnul
Zin
The Shining One
Beogh
Jiyva
Lugonu


Innate Abilities, Weirdness & Mutations

You are resistant to torment.
Your stone body is resilient. (AC +11)
You are immune to poison.
Your large and strong wings let you fly indefinitely.
You resist negative energy. (rN+)
You are resistant to electric shocks. (rElec)
You can survive without breathing.
You are immune to petrification.
You are immune to rotting.


Message History

The purple draconian looks more healthy. x2
You block the green draconian's attack.
GONNNNG!
The green draconian tail-slaps you.
* * * LOW HITPOINT WARNING * * *
You block the black draconian's attack.
BONNNG!
You block the purple draconian's attack.
GONNNNG!
Your troll bites the green draconian but does no damage.
Your troll claws the green draconian but does no damage.
Your troll claws the green draconian!
The purple draconian hits your troll with a +0 war axe!
You block the red draconian annihilator's attack.
PTOANNNG!
The white draconian barely misses you.
The red draconian annihilator gestures wildly while chanting.
The red draconian annihilator blinks!
The purple draconian barely misses you. The red draconian monk hits you!!
You die...

.}:%:.)[|[.)..▓...........
..|[}|)}.|.}}..▓.....|))...
....}|}.)[[....▓....))))...
.............q.▓..▓..)))..▓
...............▓.▓▓▓..(..▓▓
........dddq...▓..▓.......▓
........dddd...▓...........
.......dddqdd..▓......©....
.......ddq@dq..▓▓▓▓▓▓▓▓▓▓▓▓
........dddd...▓
...▓....dTd▓...▓
..........○....▓
...............▓
.......©.......▓
▓▓▓▓▓▓▓▓▓▓▓▓▓▓▓▓


You could see a red draconian monk, 2 draconians, 2 draconians, 3 draconians, 7
draconians, a red draconian, 6 draconians, 2 draconians, 2 draconians and a
friendly troll (berserk).

Vanquished Creatures
  2 liches (D)
  2 deep elf blademasters (D)
  3 deep elf master archers (D)
  A tentacled starspawn (D)
  A nagaraja (D)
  2 shadow dragons (D)
  3 fire giants (D)
  A deep elf sorcerer (D)
  A draconian stormcaller (D)
  An emperor scorpion (D)
  2 reapers (D)
  An entropy weaver (D)
  2 stone giants (D)
  A black draconian (D)
  A red draconian (D)
  A yellow draconian (D)
  A mummy priest (D)
  A blizzard demon (D)
  4 fire dragons (D)
  A yaktaur captain (D)
  9 vault guards (D)
  2 deep elf high priests (D)
  3 naga warriors (D)
  An anaconda (D)
  3 dancing weapons (D)
  A hell hog (D)
  A death scarab (D)
  2 soul eaters (D)
  3 thrashing horrors (D)
  A wretched star (D)
  4 small abominations (D)
  A hell knight (D)
  5 deep elf knights (D)
  2 sixfirhies (D)
  3 skeletal warriors (D)
  A flayed ghost (D)
  2 deep elf archers (D)
  2 necromancers (D)
  An orb spider (D)
  3 wolf spiders (D)
  9 deep elf magi (D)
  3 draconians (D)
  A naga mage (D)
  An orange demon (D)
  A smoke demon (D)
  2 guardian serpents (D)
  A rust devil (D)
  3 efreet (D)
  4 yaktaurs (D)
  A demonic crawler (D)
  An ice devil (D)
  A tormentor (D)
  2 guardian mummies (D)
  2 ancient zymes (D)
  2 jumping spiders (D)
  2 slime creatures (D)
  A hornet (D)
  A large abomination (D)
  2 flying skulls (D)
  A redback (D)
  4 shadows (D)
  3 tarantellas (D)
  A wraith (D)
  A vampire (D)
  2 ynoxinuls (D)
  11 fire elementals (D)
  2 ushabtiu (D)
  2 neqoxecs (D)
  2 water moccasins (D)
  4 hell hounds (D)
  3 orc warriors (D)
  3 eyes of draining (D)
  2 necrophages (D)
  An earth elemental (D)
  6 scorpions (D)
  A wight (D)
  A crimson imp (D)
  A jelly (D)
  3 quasits (D)
  An orc wizard (D)
  3 orc priests (D)
  5 iron imps (D)
  5 mummies (D)
  3 white imps (D)
  An ooze (D)
  A spectral adder (D)
  2 adder skeletons (D)
  2 adder zombies (D)
  An orc (D)
  A spectral bat (D)
  2 ball pythons (D)
  3 bat skeletons (D)
  3 bat zombies (D)
  A giant cockroach zombie (D)
  A jackal skeleton (D)
  A jackal zombie (D)
  A quokka skeleton (D)
  A spectral leopard gecko (D)
  A fire vortex (D)
  4 starspawn tentacles (D)
219 creatures vanquished.

Vanquished Creatures (others)
  8 acid blobs (D)
  12 azure jellies (D)
  14 death oozes (D)
  Erolcha (D)
  A hell hog (D)
  Pikel (D)
  Edmund (D)
  Menkaure (D)
  Duvessa (D)
  Blork the orc (D)
  Dowan (D)
  Crazy Yiuf (D)
  Jessica (D)
  Ijyb (D)
  Terence (D)
  An adder (D)
  A lurking horror (D)
48 creatures vanquished.

Grand Total: 267 creatures vanquished

Notes
Turn   | Place    | Note
-------+----------+-------------------------------------------
     0 | D        | Fang the Gargoyle Berserker began the quest for the Orb.
     0 | D        | Reached XP level 1. HP: 14/14 MP: 1/1
     6 | D        | Found a blossoming altar of Fedhas.
     7 | D        | Found the +6 Majin-Bo {vamp, Archmagi MP+6 Int+6}
     7 | D        | Found the +7 great mace "Firestarter" {inner flame, rF++}
     7 | D        | Found a transporter.
     7 | D        | Found a viscous altar of Jiyva.
     7 | D        | Found an ancient bone altar of Kikubaaqudgha.
     7 | D        | Found a hazy altar of Hepliaklqana.
     7 | D        | Found a corrupted altar of Lugonu.
     7 | D        | Found an opulent altar of Gozag.
     7 | D        | Found a burning altar of Makhleb.
    12 | D        | Found an iron altar of Okawaru.
    12 | D        | Found a stormy altar of Qazlal.
    12 | D        | Found a sparkling altar of Nemelex Xobeh.
    12 | D        | Found a sacrificial altar of Ru.
    12 | D        | Found a shimmering blue altar of Sif Muna.
    18 | D        | Found the +9 heavy crossbow "Sniper" {velocity, Acc+∞ SInv}
    18 | D        | Found the +10 dark maul {crush}
    18 | D        | Found the +15 Maxwell's patent armour {-Cast -Tele rElec
                  | MR+ rCorr}
    18 | D        | Found the +18 shield of the Gong {rElec rN+ MR+ EV-5}
    18 | D        | Found the cursed +14 obsidian axe {chop, +Fly SInv *Curse}
    24 | D        | Found a bloodstained altar of Trog.
    77 | D        | Entered arena 2.
    77 | D        | Noticed an eye of draining
    77 | D        | Noticed an eye of draining
    77 | D        | Found a transporter.
    82 | D        | Killed an eye of draining
    82 | D        | Reached skill level 5 in Fighting
    82 | D        | Reached skill level 5 in Armour
    82 | D        | Reached XP level 2. HP: 22/22 MP: 0/2
    82 | D        | Reached XP level 3. HP: 27/27 MP: 0/3
    82 | D        | Reached XP level 4. HP: 32/32 MP: 0/4
    83 | D        | Killed an eye of draining
    83 | D        | Reached skill level 6 in Fighting
    83 | D        | Reached skill level 5 in Axes
    83 | D        | Reached XP level 5. HP: 37/37 MP: 0/5
    95 | D        | Killed Crazy Yiuf
   131 | D        | Entered arena 3.
   131 | D        | Noticed a fire elemental
   131 | D        | Noticed a fire elemental
   131 | D        | Noticed a fire elemental
   131 | D        | Found a transporter.
   135 | D        | Killed a fire elemental
   135 | D        | Reached ** piety under Trog
   135 | D        | Reached skill level 7 in Fighting
   135 | D        | Reached skill level 5 in Dodging
   135 | D        | Reached XP level 6. HP: 44/44 MP: 6/6
   139 | D        | Killed a fire elemental
   139 | D        | Reached skill level 8 in Fighting
   139 | D        | Reached XP level 7. HP: 42/50 MP: 7/7
   140 | D        | Killed a fire elemental
   140 | D        | Reached skill level 9 in Fighting
   174 | D        | Killed a death ooze
   201 | D        | Killed a death ooze
   206 | D        | Killed a death ooze
   243 | D        | Killed Pikel
   267 | D        | Killed an azure jelly
   298 | D        | Entered arena 4.
   298 | D        | Noticed a yellow draconian
   298 | D        | Noticed a draconian
   298 | D        | Noticed a draconian
   298 | D        | Noticed a draconian
   298 | D        | Found a transporter.
   299 | D        | Found the +3 giant club "Skullcrusher" {speed, Str+7}
   306 | D        | Killed a draconian
   306 | D        | Reached skill level 10 in Fighting
   306 | D        | Reached XP level 8. HP: 57/57 MP: 8/8
   310 | D        | Killed a draconian
   310 | D        | Reached *** piety under Trog
   310 | D        | Reached skill level 10 in Armour
   318 | D        | Killed a yellow draconian
   318 | D        | Reached skill level 11 in Fighting
   318 | D        | Reached skill level 10 in Axes
   318 | D        | Reached XP level 9. HP: 26/65 MP: 9/9
   331 | D        | Killed a draconian
   331 | D        | Reached skill level 12 in Fighting
   344 | D        | Killed an azure jelly
   400 | D        | Entered arena 5.
   400 | D        | Noticed a +2 dire flail of protection
   400 | D        | Noticed a deep elf mage
   400 | D        | Noticed a deep elf mage
   400 | D        | Found a transporter.
   401 | D        | Identified the cursed +1 mace "Pendulum" {freeze, rN++
                  | Int+2 Dex-5}
   403 | D        | Killed a +2 dire flail of protection
   405 | D        | Reached **** piety under Trog
   409 | D        | Killed a deep elf mage
   409 | D        | Reached skill level 10 in Dodging
   409 | D        | Reached XP level 10. HP: 72/72 MP: 10/10
   415 | D        | Killed a deep elf mage
   415 | D        | Reached ***** piety under Trog
   415 | D        | Reached skill level 13 in Fighting
   433 | D        | Killed Menkaure
   462 | D        | Entered arena 6.
   462 | D        | Noticed a deep elf knight
   462 | D        | Noticed a deep elf mage
   462 | D        | Noticed a deep elf knight
   462 | D        | Noticed a +7 short sword of speed
   462 | D        | Noticed a deep elf knight
   462 | D        | Found a transporter.
   466 | D        | Killed a +7 short sword of speed
   468 | D        | Killed a deep elf knight
   468 | D        | Received a gift from Trog
   470 | D        | Killed a deep elf knight
   470 | D        | Killed a deep elf mage
   470 | D        | Reached skill level 14 in Fighting
   480 | D        | Killed a deep elf knight
   480 | D        | Reached XP level 11. HP: 80/80 MP: 11/11
   505 | D        | Killed a death ooze
   523 | D        | Entered arena 7.
   531 | D        | Found a transporter.
   536 | D        | Received a gift from Trog
   564 | D        | Killed Ijyb
   612 | D        | Entered arena 8.
   613 | D        | Found a transporter.
   618 | D        | Reached ****** piety under Trog
   618 | D        | Received a gift from Trog
   621 | D        | Reached skill level 1 in Shields
   643 | D        | Killed Terence
   656 | D        | Killed Blork the orc
   668 | D        | Entered arena 9.
   669 | D        | Found a transporter.
   686 | D        | Got the amulet "Capeor" {Gourm Int+2}
   688 | D        | Got the cursed ring "Penan" {rPois Dex-3}
   723 | D        | Killed a death ooze
   729 | D        | Killed an azure jelly
   785 | D        | Killed a death ooze
   788 | D        | Killed an azure jelly
   844 | D        | Killed a death ooze
   880 | D        | Killed an acid blob
   887 | D        | Entered arena 10.
   888 | D        | Found a transporter.
   893 | D        | Received a gift from Trog
   909 | D        | Killed a death ooze
   936 | D        | Entered arena 11.
   936 | D        | Noticed a wolf spider
   936 | D        | Noticed a wolf spider
   937 | D        | Found a transporter.
   945 | D        | Killed a wolf spider
   945 | D        | Received a gift from Trog
   950 | D        | Killed a wolf spider
   950 | D        | Reached skill level 15 in Fighting
   954 | D        | Killed an azure jelly
   965 | D        | Killed Jessica
  1008 | D        | Killed a death ooze
  1011 | D        | Killed Edmund
  1019 | D        | Killed an azure jelly
  1036 | D        | Entered arena 12.
  1036 | D        | Noticed a shadow dragon
  1037 | D        | Noticed a soul eater
  1037 | D        | Noticed a soul eater
  1040 | D        | Received a gift from Trog
  1047 | D        | Killed a shadow dragon
  1050 | D        | Killed a soul eater
  1057 | D        | Killed a soul eater
  1058 | D        | Found a transporter.
  1061 | D        | Killed a death ooze
  1071 | D        | Killed an acid blob
  1103 | D        | Got the amulet of the Heavens {Gourm rN+}
  1131 | D        | Entered arena 13.
  1131 | D        | Noticed an orb spider
  1131 | D        | Noticed a wolf spider
  1132 | D        | Found the +12 Vampire's Tooth {vamp}
  1132 | D        | Noticed an emperor scorpion
  1134 | D        | Noticed an entropy weaver
  1135 | D        | Received a gift from Trog
  1139 | D        | Killed a wolf spider
  1139 | D        | Reached skill level 15 in Armour
  1139 | D        | Reached XP level 12. HP: 88/88 MP: 12/12
  1142 | D        | Reached skill level 16 in Fighting
  1148 | D        | Killed an emperor scorpion
  1149 | D        | Killed an entropy weaver
  1154 | D        | Found a transporter.
  1162 | D        | Killed Duvessa
  1165 | D        | Got the ring of the Five Deaths {rElec rN+ Str+2 Int-3
                  | SInv}
  1167 | D        | Got the ring of the Raven {*Slow rF+ rN+ MR+}
  1167 | D        | Killed an acid blob
  1168 | D        | Killed a death ooze
  1171 | D        | Got the ring "Dacuef" {MP+9 Int+4 Dex+4}
  1207 | D        | Killed a death ooze
  1308 | D        | Entered arena 14.
  1309 | D        | Noticed a mummy priest
  1309 | D        | Noticed a death scarab
  1314 | D        | Killed a death scarab
  1314 | D        | Received a gift from Trog
  1324 | D        | Killed a mummy priest
  1324 | D        | Reached skill level 10 in Shields
  1328 | D        | Received a gift from Trog
  1329 | D        | Reached skill level 17 in Fighting
  1333 | D        | Found a transporter.
  1354 | D        | Killed an azure jelly
  1373 | D        | Killed an azure jelly
  1378 | D        | Entered arena 15.
  1379 | D        | Noticed a nagaraja
  1379 | D        | Noticed a naga warrior
  1380 | D        | Noticed a naga warrior
  1380 | D        | Noticed a naga warrior
  1380 | D        | Noticed an anaconda
  1384 | D        | Killed an anaconda
  1385 | D        | Received a gift from Trog
  1390 | D        | Killed a nagaraja
  1390 | D        | Reached skill level 15 in Axes
  1391 | D        | Killed a naga warrior
  1391 | D        | Received a gift from Trog
  1391 | D        | Reached XP level 13. HP: 96/96 MP: 13/13
  1424 | D        | Found a transporter.
  1431 | D        | Got the ring "Akolur" {SInv Stlth-}
  1449 | D        | Entered arena 16.
  1451 | D        | Identified the +7 mace "Atotuiva" {crush, Str+3}
  1457 | D        | Found the cursed necklace of Bloodlust {*Rage +Rage MR++
                  | Int-3 Slay+6 *Curse}
  1457 | D        | Received a gift from Trog
  1462 | D        | Reached skill level 18 in Fighting
  1465 | D        | Received a gift from Trog
  1473 | D        | Found a transporter.
  1494 | D        | Got the ring "Nicoc" {Str+4 Dex+2}
  1500 | D        | Got the +6 broad axe "Newtbane" {elec, *Noise rF+ rN+
                  | Int+2}
  1521 | D        | Entered arena 17.
  1524 | D        | Noticed a reaper
  1525 | D        | Noticed a reaper
  1528 | D        | Received a gift from Trog
  1529 | D        | Found a transporter.
  1536 | D        | Killed a reaper
  1537 | D        | Received a gift from Trog
  1546 | D        | Killed a reaper
  1600 | D        | Got the ring "Fokoikh" {rF+ rC- AC+4 Str+3}
  1607 | D        | Entered arena 18.
  1610 | D        | Noticed a vault guard
  1610 | D        | Noticed a vault guard
  1610 | D        | Noticed a stone giant
  1610 | D        | Noticed a vault guard
  1610 | D        | Noticed a shadow dragon
  1610 | D        | Noticed a vault guard
  1610 | D        | Noticed a yaktaur captain
  1610 | D        | Noticed a vault guard
  1610 | D        | Noticed a vault guard
  1611 | D        | Noticed a lich
  1611 | D        | Noticed a stone giant
  1611 | D        | Identified the ring of the Hero {rElec Int+2 Stlth+}
  1611 | D        | Noticed a vault guard
  1611 | D        | Noticed a vault guard
  1611 | D        | Identified the +9 scimitar of Propriety {venom, rC+}
  1611 | D        | Noticed a vault guard
  1612 | D        | Found a transporter.
  1617 | D        | Killed a vault guard
  1621 | D        | Killed a vault guard
  1621 | D        | Killed a shadow dragon
  1621 | D        | Received a gift from Trog
  1621 | D        | Reached skill level 19 in Fighting
  1622 | D        | Killed a vault guard
  1622 | D        | Killed a vault guard
  1623 | D        | Killed a lich
  1625 | D        | Killed a vault guard
  1626 | D        | Killed a vault guard
  1626 | D        | Gained mutation: Your large and strong wings let you fly
                  | indefinitely. [Gargoyle growth]
  1626 | D        | Reached XP level 14. HP: 106/106 MP: 14/14
  1629 | D        | Received a gift from Trog
  1629 | D        | Killed a stone giant
  1629 | D        | Reached skill level 15 in Shields
  1631 | D        | Killed a stone giant
  1632 | D        | Reached skill level 20 in Fighting
  1637 | D        | Received a gift from Trog
  1644 | D        | Killed an azure jelly
  1751 | D        | Killed Erolcha
  1768 | D        | Entered arena 19.
  1771 | D        | Noticed a deep elf master archer
  1771 | D        | Noticed a deep elf master archer
  1771 | D        | Noticed a deep elf sorcerer
  1771 | D        | Noticed a deep elf blademaster
  1771 | D        | Noticed a deep elf master archer
  1772 | D        | Noticed a deep elf blademaster
  1772 | D        | Identified the +1 lajatang of the Soothsayer {vamp, rC++
                  | Str-3 Int+10 SInv}
  1773 | D        | Found a transporter.
  1778 | D        | Killed a deep elf sorcerer
  1780 | D        | Received a gift from Trog
  1783 | D        | Killed a deep elf master archer
  1783 | D        | Received a gift from Trog
  1790 | D        | Killed a deep elf blademaster
  1791 | D        | Killed a deep elf master archer
  1791 | D        | Reached skill level 21 in Fighting
  1792 | D        | Received a gift from Trog
  1795 | D        | Killed a deep elf blademaster
  1798 | D        | Killed a deep elf master archer
  1806 | D        | Received a gift from Trog
  1806 | D        | Reached XP level 15. HP: 58/115 MP: 15/15
  1821 | D        | Killed an acid blob
  1853 | D        | Got the ring of Vuavod {rC+ rN+ rCorr Dex-4}
  1855 | D        | Killed an acid blob
  1955 | D        | Killed Dowan
  1978 | D        | Killed an acid blob
  2067 | D        | Entered arena 20.
  2085 | D        | Killed an azure jelly
  2191 | D        | Killed an acid blob
  2200 | D        | Noticed a fire giant
  2200 | D        | Noticed a fire giant
  2201 | D        | Identified the +6 mace of the Lame Duck {crush, rF+ MP+9
                  | Dex+4}
  2201 | D        | Noticed a fire giant
  2203 | D        | Found a transporter.
  2206 | D        | Received a gift from Trog
  2214 | D        | Received a gift from Trog
  2219 | D        | Killed a fire giant
  2219 | D        | Reached skill level 22 in Fighting
  2220 | D        | Killed a fire giant
  2220 | D        | Received a gift from Trog
  2221 | D        | Killed a fire giant
  2221 | D        | Reached skill level 15 in Dodging
  2267 | D        | Got the ring of Kaywkuetti {rElec AC+2 Str+3 Int-4}
  2271 | D        | Killed an azure jelly
  2325 | D        | Entered arena 21.
  2330 | D        | Noticed a tentacled starspawn
  2331 | D        | Found the +5 robe of Night {Dark MR+ SInv}
  2331 | D        | Noticed a lich
  2336 | D        | Received a gift from Trog
  2342 | D        | Received a gift from Trog
  2347 | D        | Killed a lich
  2347 | D        | Received a gift from Trog
  2348 | D        | Killed a tentacled starspawn
  2357 | D        | Received a gift from Trog
  2362 | D        | Found a transporter.
  2426 | D        | Got the amulet "Xoagov" {Harm *Drain MR+}
  2518 | D        | Killed an acid blob
  2558 | D        | Killed an azure jelly
  2614 | D        | Entered arena 22.
  2618 | D        | Noticed a black draconian stormcaller
  2618 | D        | Noticed a red draconian monk
  2619 | D        | Noticed a black draconian scorcher
  2622 | D        | Noticed a purple draconian scorcher
  2624 | D        | Found the +27 Lear's hauberk
  2627 | D        | Reached skill level 23 in Fighting
  2632 | D        | Killed a black draconian stormcaller
  2636 | D        | Slain by a red draconian monk

Levels and vault maps discovered:
D:        sprint_v [room_start, room_1, room_2, room_3, room_4, room_5, room_6,
          room_7, room_8, room_9, room_10, room_11, room_12, room_13, room_14,
          room_15, room_16, room_17, room_18, room_19, room_20, room_21,
          room_22, room_23, room_24, room_25, room_26, room_27]

Skill      XL: |  1  2  3  4  5  6  7  8  9 10 11 12 13 14 15 |
---------------+----------------------------------------------+-----
Fighting       | 5 6 7 8 10 11 12 14 15 17 19 21 23 | 23.1
Axes           | 4 5 6 7 8 10 11 12 13 15 16 18 20 | 20.2
Armour         | 5 6 7 8 9 11 12 14 15 17 18 19 | 19.3
Dodging        | 3 4 5 6 7 9 10 11 12 13 14 15 | 15.5
Shields        | 7 11 14 17 19 | 19.8

Action                   |  1- 3 |  4- 6 |  7- 9 | 10-12 | 13-15 || total
-------------------------+-------+-------+-------+-------+-------++-------
Melee: Broad axe         |     3 |     7 |    36 |   152 |   168 ||   366
Invok: Berserk           |     1 |     1 |     2 |     8 |     7 ||    19
       Trog's Hand       |       |       |     1 |       |       ||     1
       Brothers in Arms  |       |       |       |       |     1 ||     1
 Abil: Fly               |       |       |       |       |     1 ||     1
  Use: Scroll            |       |       |       |     1 |     3 ||     4
  Eat: Chunk             |       |       |     2 |    26 |    10 ||    38
Armor: Plate armour      |       |     6 |    24 |   117 |    62 ||   209
Dodge: Dodged            |       |     1 |     2 |    26 |    24 ||    53
Block: Shield            |       |     9 |    56 |   216 |   238 ||   519
